 Dungeon Crawl Stone Soup version 0.17.0 (webtiles) character file.

130 KINGKRU the Skirmisher (level 5, 0/47 HPs)
             Began as a Hill Orc Fighter on Dec 29, 2015.
             Was a Believer of Lugonu.
             Succumbed to a worker ant's poison
             ... on level 3 of the Dungeon.
             The game lasted 00:15:16 (1924 turns).

KINGKRU the Skirmisher (Hill Orc Fighter)           Turns: 1924, Time: 00:15:16

Health: 0/47       AC:  8    Str: 25    XL:     5   Next: 14%
Magic:  5/5        EV:  8    Int:  8    God:    Lugonu [**....]
Gold:   80         SH: 10    Dex: 10    Spells: 0 memorised, 4 levels left

rFire  . . .     SeeInvis .     a - +0 long sword
rCold  . . .     Clarity  .     b - +1 scale mail
rNeg   . . .     SustAt   .     c - +0 shield
rPois  .         Gourm    .     (no helmet)
rElec  .         Spirit   .     (no cloak)
rCorr  .         Warding  .     (no gloves)
rMut   .         Stasis   .     (no boots)
MR     .....                    (no amulet)
Stlth  ..........               (no ring)
                                (no ring)

@: mighty, lethally poisoned (0 -> -17), not resistant to hostile enchantments,
extremely unstealthy
A: no striking features
a: Depart the Abyss, Bend Space, Renounce Religion


You were on level 3 of the Dungeon.
You worshipped Lugonu.
Lugonu was pleased with you.
You were not hungry.

You visited 1 branch of the dungeon, and saw 3 of its levels.

You collected 80 gold pieces.

Inventory:

Hand Weapons
 a - a +0 long sword (weapon)
Armour
 b - a +1 scale mail (worn)
 c - a +0 shield (worn)
Scrolls
 f - 2 scrolls of identify
 g - a scroll of enchant weapon
Comestibles
 e - 2 bread rations
 i - 2 meat rations
 k - a royal jelly


   Skills:
 + Level 4.6 Fighting
 + Level 2.7 Long Blades
 + Level 3.8 Armour
 + Level 1.3 Dodging
 + Level 0.1 Stealth
 + Level 4.3 Shields


You had 4 spell levels left.
You didn't know any spells.

Dungeon Overview and Level Annotations

Branches:
Dungeon (3/15)

Altars:
Lugonu


Message History

* * * LOW HITPOINT WARNING * * *
You feel sick.
Read which item? (? for menu, Esc to quit)
As you read the scroll labeled XOTEFI HEXEO, it crumbles to dust.
The scroll dissolves into smoke.
It was a scroll of fog.
* * * LOW HITPOINT WARNING * * *
You feel sick.
Read which item? (? for menu, Esc to quit)
As you read the scroll labeled ISIZ FIUSEE, it crumbles to dust.
The dust glows pale brown!
It was a scroll of random uselessness.
* * * LOW HITPOINT WARNING * * *
You feel sick.
Read which item? (? for menu, Esc to quit)
As you read the scroll labeled RILAAX MOBLO, it crumbles to dust.
It is a scroll of enchant armour.
Enchant which item? (? for menu, Esc to quit)
Your +0 scale mail glows green for a moment.
* * * LOW HITPOINT WARNING * * *
You feel sick.
You die...

........###. ... ...$......
........# # #.# #....%....
.#......# #. #.# #.........
.#......###.##.# #.........
.#......+......###.........
.#......###.#..#§#.........
.(............§#§#§...!....
.#...######...§§§§§†.......
.#...########.§#@####.####.
..............§§§§§# #
##...########.##§§§..
##...########.##.###.#
..............##.# #
###....######.##.##
..................#
###....######.....# #....#
#.##.##


There were no monsters in sight!

Vanquished Creatures
  A worker ant (D:3)
  Robin (D:2)
  2 adders (D:3)
  An ooze (D:3)
  2 worms (D:2)
  A giant gecko (D:3)
  3 giant cockroaches
  14 goblins
  8 hobgoblins
  A quokka (D:3)
  8 bats
  6 giant newts
  10 jackals
  3 kobolds (D:2)
  3 rats (D:1)
64 creatures vanquished.

Notes
Turn   | Place    | Note
--------------------------------------------------------------
     0 | D:1      | KINGKRU the Hill Orc Fighter began the quest for the Orb.
     0 | D:1      | Reached XP level 1. HP: 19/19 MP: 1/1
   290 | D:1      | Reached XP level 2. HP: 18/27 MP: 2/2
   555 | D:1      | Reached skill level 4 in Fighting
   678 | D:2      | Reached XP level 3. HP: 25/33 MP: 3/3
  1154 | D:2      | Noticed Robin
  1210 | D:2      | Killed Robin
  1210 | D:2      | Reached XP level 4. HP: 20/41 MP: 4/4
  1401 | D:2      | Found a faded altar to an unknown god.
  1428 | D:2      | Became a worshipper of Lugonu the Unformed
  1428 | D:2      | Reached * piety under Lugonu
  1428 | D:2      | Reached ** piety under Lugonu
  1569 | D:3      | Reached skill level 1 in Dodging
  1919 | D:3      | Reached XP level 5. HP: 11/47 MP: 5/5
  1922 | D:3      | HP: 2/47 [poisoned by a worker ant]
  1924 | D:3      | Succumbed to a worker ant's poison

Action                   |  1- 3 |  4- 6 || total
-------------------------+-------+-------++-------
Melee: Long sword        |   180 |    87 ||   267
  Use: Potion            |       |     1 ||     1
       Scroll            |       |     4 ||     4
  Eat: Meat ration       |     1 |       ||     1
